AoeStats
← El Fantasma de Pancho Villa

Arena

507161479Analyzed
4v4 RM · 16d ago on Sep 16, 2026· 32m 1s· 8 players
Game mode
Random Map
Map size
Large (8 player)
Population
200
Speed
Normal
Resources
Standard
Victory
Conquest
Starting age
Dark Age
Ending age
Imperial Age
RankedLock teamsTeams togetherTeam positionsShared explorationLock speedFull tech treeHidden civsTurbo modeCheats
Victory
Defeat
🇲🇽 Malay · Mexico
1289
+8
🇲🇽 Malians · Mexico
1165
+12
🇲🇽 Jurchens · Mexico
1159
+12
🇺🇸 Cumans · United States
1112
+13
🇫🇷 Khmer · France
1100
-12
🇺🇸 Byzantines · United States
1083
-12
🇲🇽 Byzantines · Mexico
1074
-11
🇧🇪 Cumans · Belgium
1052
-10
{MAMP} Todd Chavez
11:26 Feudal Age
15:59 Castle Age
14:14 Horse Collar
17:44 Wheelbarrow
16:55 Loom
19:08 Heavy Plow
23:16 Double-Bit Axe
25:05 Hand Cart
24:29 Pikeman
26:51 Squires
senninha
8:22 Loom
10:08 Feudal Age
13:35 Castle Age
12:33 Double-Bit Axe
13:45 Town Watch
16:38 Sanctity
17:34 Gold Mining
22:47 Fervor
26:48 Stone Mining
30:59 Redemption
[MIAAU] GM Panzer IV
11:49 Feudal Age
11:55 Feudal Age
10:35 Loom
12:20 Feudal Age
12:44 Feudal Age
16:37 Castle Age
noumha
10:04 Feudal Age
12:03 Horse Collar
20:09 Castle Age
19:04 Forging
19:19 Scale Barding Armor
20:43 Bloodlines
21:05 Double-Bit Axe
22:02 Light Cavalry
LaUlrich
11:34 Feudal Age
12:30 Loom
16:32 Castle Age
23:55 Forging
27:32 Iron Casting
27:05 Gold Mining
29:18 Scale Mail Armor
Ranilla_Sr Bernabe
11:21 Feudal Age
11:49 Double-Bit Axe
12:13 Horse Collar
15:39 Castle Age
14:18 Gold Mining
16:45 Heavy Plow
20:06 Loom
23:17 Wheelbarrow
25:49 Scale Barding Armor
26:05 Hand Cart
26:00 Town Watch
27:43 Gold Shaft Mining
28:07 Town Patrol
31:31 Imperial Age
29:22 Bloodlines
29:14 Husbandry
29:39 Forging
29:51 Chain Barding Armor
31:13 Iron Casting
31:37 Elite Steppe Lancer
El Fantasma de Pancho Villa
12:59 Feudal Age
14:09 Double-Bit Axe
15:13 Scale Mail Armor
15:29 Man-at-Arms
18:42 Fletching
19:52 Forging
24:15 Wheelbarrow
26:46 Castle Age
25:53 Padded Archer Armor
25:46 Horse Collar
26:00 Gold Mining
26:01 Stone Mining
27:35 Crossbowman
33:52 Imperial Age
youtube.com/@Radio_Latex
9:17 Feudal Age
9:01 Double-Bit Axe
8:58 Horse Collar
13:24 Wheelbarrow
17:19 Castle Age
16:21 Gold Mining
16:51 Scale Barding Armor
17:18 Husbandry
Connection lost

Rejoining the realm…

Still unreachable

The connection could not be restored.

Session expired

The server has moved on; the page needs a fresh start.